 Dungeon Crawl Stone Soup version 0.20-a0-464-g526fb3c (console) character file.

238 nht the Slasher (level 5, -1/39 HPs)
             Began as a Vampire Berserker on Jan 11, 2017.
             Was a Believer of Trog.
             Slain by Grinder (2 damage)
             ... on level 3 of the Dungeon.
             The game lasted 00:03:57 (1867 turns).

nht the Slasher (Vampire Berserker)                 Turns: 1867, Time: 00:03:58

Health: -1/39      AC:  3    Str: 16    XL:     5   Next: 78%
Magic:  5/5        EV: 13    Int:  9    God:    Trog [**....]
Gold:   105        SH:  0    Dex: 15    Spells: 4/4 levels left

rFire  . . .     SeeInvis +     a - +0 falchion
rCold  . . .     Gourm    .     b - +0 animal skin
rNeg   . . .     Faith    .     (no shield)
rPois  .         Spirit   .     (no helmet)
rElec  .         Reflect  .     h - +0 cloak
rCorr  .         Harm     .     (no gloves)
MR     .....                    (no boots)
Stlth  +.........               (no amulet)
                                (no ring)
                                (no ring)

@: exhausted, regenerating quickly, slowed, very slow
A: fangs 3, see invisible, unbreathing
a: Berserk, Trog's Hand, Burn Spellbooks, Renounce Religion


You were on level 3 of the Dungeon.
You worshipped Trog.
Trog was pleased with you.
You were very full.

You visited 1 branch of the dungeon, and saw 4 of its levels.

You collected 105 gold pieces.

Inventory:

Hand Weapons
 a - a +0 falchion (weapon)
 j - a +0 vampiric dagger
 k - a +0 dagger of venom
Missiles
 g - 7 curare-tipped needles
 i - 2 javelins (quivered)
Armour
 b - a +0 animal skin (worn)
 h - a +0 cloak (worn)
 p - a +0 buckler
Jewellery
 q - an uncursed ring of teleportation
Scrolls
 d - 2 scrolls of identify
 o - a scroll of enchant armour {unknown}
Potions
 c - 12 potions of blood
 e - a potion of might
 f - a potion of mutation {unknown}
 l - a potion of curing {unknown}


   Skills:
 - Level 2.6 Fighting
 + Level 6.6 Long Blades
 - Level 1.5 Armour
 - Level 2.1 Dodging


You had 4 spell levels left.
You didn't know any spells.

Dungeon Overview and Level Annotations

Branches:
Dungeon (4/15)
 Temple: D:4-7

Altars:
Dithmenos
Makhleb
Nemelex Xobeh

Annotations:
D:3 Grinder


Innate Abilities, Weirdness & Mutations

Your natural rate of healing is unusually fast.
You have razor-sharp teeth.
You have supernaturally acute eyesight. (SInv)
You can survive without breathing.


Message History

Grinder is moderately wounded.
Grinder gestures at you.
You shrug off the repeated paralysis!
You barely miss Grinder.
Grinder is moderately wounded.
Grinder blinks!
You feel a strong urge to attack something.
You are no longer berserk.
You are exhausted.
You feel yourself slow down.
Grinder says, "FISH!"
Grinder blinks!
As you read the scroll labeled CELOANOWEN, it crumbles to dust.
You hear a loud clanging noise!
It was a scroll of noise.
You hear a shout!
Grinder misses you. Grinder hits you!
* * * LOW HITPOINT WARNING * * *
You writhe in agony.
You die...

█.█.██.█ █.█. █.█
█.). █.█ █..█ █.█
..█ █.█ █.█ █.█
█████████.███.███
██...............█
.........@.██<██.█
........5.███.██.█
..........█ █.██.█
..........█ █.██.█
..........█ ...█.█
██.████.███ .....█
█ █.█ .....█ █..
......█ ███


You could see Grinder.

Vanquished Creatures
  A hound (D:2)
  Natasha (twice) (D:2)
  2 iguanas (D:4)
  A gnoll (D:4)
  2 adders (D:2)
  3 oozes
  3 worms
  A dart slug (D:2)
  2 leopard geckos
  An orc (D:4)
  A ball python (D:1)
  5 bats
  A giant cockroach (D:2)
  6 goblins
  7 hobgoblins
  4 jackals (D:1)
  3 kobolds (D:1)
  3 frilled lizards
  A leopard gecko skeleton (D:4)
  6 rats
55 creatures vanquished.

Notes
Turn   | Place    | Note
-------+----------+-------------------------------------------
     0 | D:1      | nht the Vampire Berserker began the quest for the Orb.
     0 | D:1      | Reached XP level 1. HP: 17/17 MP: 1/1
    40 | D:1      | Reached XP level 2. HP: 6/23 MP: 2/2
   106 | D:1      | Reached skill level 4 in Long Blades
   430 | D:1      | Reached XP level 3. HP: 25/28 MP: 3/3
   498 | D:1      | Reached ** piety under Trog
   941 | D:2      | Noticed Natasha
   949 | D:2      | Killed Natasha
   949 | D:2      | Reached skill level 5 in Long Blades
   949 | D:2      | Reached XP level 4. HP: 19/34 MP: 4/4
  1069 | D:2      | Found a sparkling altar of Nemelex Xobeh.
  1120 | D:2      | Found a faded altar of an unknown god.
  1122 | D:2      | Noticed Natasha
  1135 | D:2      | Killed Natasha
  1340 | D:2      | Found a burning altar of Makhleb.
  1349 | D:2      | Reached XP level 5. HP: 26/39 MP: 5/5
  1561 | D:2      | Reached skill level 6 in Long Blades
  1619 | D:2      | You fall through a shaft for 2 floors!
  1641 | D:4      | Found a shadowy altar of Dithmenos.
  1850 | D:3      | Noticed Grinder
  1856 | D:3      | Paralysed by Grinder for 4 turns
  1867 | D:3      | HP: 1/39 [Grinder (8)]
  1867 | D:3      | Slain by Grinder

Vault maps used:
D:1:      erik_arrival_gehennom, hangedman_decor_diamond_cutter, minivault_4,
          minmay_distorted
D:2:      nemelex_xobeh_ov_fountains_minmay, makhleb_heckhound_becter,
          chequers_ecumenical_altar_simple, uniq_natasha
D:3:      minmay_misc_feat_tower, uniq_grinder
D:4:      old_standard_altar, nicolae_dithmenos_the_darkroom, first_bread,
          hex_medium, minivault_24, minmay_surrounded

Skill      XL: |  1  2  3  4  5 |
---------------+----------------+-----
Long Blades    | 4 5 6 |  6.6
Fighting       | |  2.6
Armour         | |  1.5
Dodging        | |  2.1

Action                   |  1- 3 |  4- 6 || total
-------------------------+-------+-------++-------
Melee: Falchion          |    88 |    87 ||   175
       Bite              |    10 |     9 ||    19
Invok: Berserk           |     1 |     4 ||     5
  Use: Potion            |     2 |     8 ||    10
       Scroll            |       |     4 ||     4
 Stab: Sleeping          |     3 |     2 ||     5
  Eat: Corpse            |     4 |     4 ||     8
Armor: Animal skin       |    12 |     5 ||    17
Dodge: Dodged            |    70 |    43 ||   113
       Rpst.: Falchion   |    27 |    18 ||    45
